 Dungeon Crawl Stone Soup version 0.27-a0-811-ga052575696 (webtiles) character file.

Game seed: 16748763940720693622

104 ChiseanneNo2 the Covert (level 4, 0/23 HPs)
             Began as a Spriggan Delver on Mar 29, 2021.
             Slain by a centaur (1 damage)
             ... on level 6 of the Dungeon.
             The game lasted 00:05:14 (1427 turns).

ChiseanneNo2 the Covert (Spriggan Delver)           Turns: 1427, Time: 00:05:14

Health: 0/23       AC:  3    Str:  8    XL:     4   Next: 52%
Magic:  0/5        EV: 19    Int: 11    God:
Gold:   82         SH:  0    Dex: 17    Spells: 3/3 levels left

rFire    + . .     SeeInvis +   a - +0 short sword
rCold    . . .     Faith    .   (shield restricted)
rNeg     . . .     Spirit   +   b - +1 robe
rPois    .         Reflect  .   (helmet restricted)
rElec    .         Harm     .   (no cloak)
rCorr    .         Rampage  .   (gloves unavailable)
Will     .....                  (boots unavailable)
Stlth    ++++......             m - amulet of guardian spirit
HPRegen  0.07/turn              k - ring of protection from fire
MPRegen  0.09/turn              (no ring)

@: hasted, very quick
A: very small, no large weapons, unfitting armour, see invisible, speed 3
a: no special abilities


You were on level 6 of the Dungeon.
You visited 1 branch of the dungeon, and saw 5 of its levels.

You collected 82 gold pieces.

Inventory:

Hand Weapons
 a - a +0 short sword (weapon)
Missiles
 h - 21 bolts
 j - 42 arrows
 n - 20 stones (quivered)
 p - 4 boomerangs
Armour
 b - a +1 robe (worn)
Jewellery
 k - a ring of protection from fire (left hand)
 l - a ring of ice
 m - an amulet of guardian spirit (around neck)
Wands
 g - a wand of digging (3)
 r - a wand of polymorph (6)
Scrolls
 c - 2 scrolls of fog
 d - 2 scrolls of magic mapping
 e - a scroll of fear
 i - 3 scrolls of identify
 q - a scroll of immolation {unknown}
Potions
 o - a potion of curing


   Skills:
 + Level 2.9 Fighting
 - Level 2.1 Short Blades
 * Level 4.5 Dodging
 * Level 8.5 Stealth
 * Level 0.0 Spellcasting


You had 3 spell levels left.
You didn't know any spells.
Your spell library was empty.

Dungeon Overview and Level Annotations

Branches:
Dungeon (7/15)
 Temple: D:4-7

Altars:
Cheibriados
Dithmenos
Fedhas

Annotations:
D:7 4 runed translucent doors


Innate Abilities, Weirdness & Mutations

You are very small and have problems with some larger weapons.
You are too small for most types of armour.
You have supernaturally acute eyesight. (SInv)
You cover ground extremely quickly. (Speed+++)


Message History

The centaur zombie kicks you but does no damage.
You hit the centaur.
The centaur is heavily wounded.
The centaur completely misses you. x2
The centaur hits you but does no damage.
The centaur barely misses you. The centaur zombie closely misses you.
The centaur zombie barely misses you.
You barely miss the centaur.
The centaur is heavily wounded.
The centaur barely misses you. The centaur misses you.
You barely miss the centaur.
The centaur is heavily wounded.
The centaur zombie completely misses you. x2
The centaur closely misses you. x2
You closely miss the centaur.
The centaur is heavily wounded.
The centaur zombie hits you.
* * * LOW HITPOINT WARNING * * *
The centaur zombie kicks you but does no damage.
The centaur closely misses you. The centaur misses you.
You hit the centaur but do no damage.
The centaur is heavily wounded.
The centaur zombie hits you but does no damage.
The centaur zombie closely misses you. The centaur hits you.
* * * LOW HITPOINT WARNING * * *
The centaur barely misses you.
You hit the centaur.
The centaur is severely wounded.
The centaur zombie closely misses you. The centaur zombie misses you.
The centaur hits you but does no damage.
The centaur misses you.
You completely miss the centaur.
The centaur is severely wounded.
The centaur closely misses you. The centaur misses you.
The centaur zombie misses you.
The centaur zombie kicks you but does no damage.
You hit the centaur but do no damage.
The centaur is severely wounded.
The centaur hits you.
You die...

....... #+##
.......#....##
.......#.....
.....#....
....#...
#..##.#
##..##.#####+##
#.....c........
#..>..Z@.......
#...$..........
#########.##...
.# . . .. ..
###


You could see a centaur and a centaur zombie.

Vanquished Creatures
  A bullfrog zombie (D:5)
  A jelly (D:4)
  A hound skeleton (D:4)
  A howler monkey skeleton (D:4)
  An adder skeleton (D:4)
  A dart slug (D:5)
  2 orcs (D:3)
  A ball python (D:4)
  An endoplasm (D:4)
  2 hobgoblins (D:4)
  4 jackals (D:4)
  A quokka (D:3)
17 creatures vanquished.

Vanquished Creatures (others)
  4 fungi (D:5)
  3 plants (D:5)
7 creatures vanquished.

Grand Total: 24 creatures vanquished

Notes
Turn   | Place    | Note
-------+----------+-------------------------------------------
     0 | D:5      | ChiseanneNo2 the Spriggan Delver began the quest for the
                  | Orb.
     0 | D:5      | Reached XP level 1. HP: 11/11 MP: 2/2
     6 | D:5      | Found a snail-covered altar of Cheibriados.
    79 | D:4      | Reached XP level 2. HP: 7/16 MP: 3/3
   259 | D:4      | Noticed a scorpion
   896 | D:5      | Reached skill level 8 in Stealth
   896 | D:5      | Reached XP level 3. HP: 18/19 MP: 4/4
  1043 | D:4      | Reached XP level 4. HP: 23/23 MP: 5/5
  1255 | D:5      | Found a shadowy altar of Dithmenos.
  1371 | D:6      | Noticed a black bear
  1389 | D:7      | Found a huge runed translucent gate.
  1390 | D:7      | Found a huge runed translucent gate.
  1390 | D:7      | Noticed a polar bear
  1390 | D:7      | Noticed a black bear
  1391 | D:7      | Found a huge runed translucent gate.
  1391 | D:7      | Noticed a hog
  1391 | D:7      | Noticed a yak
  1391 | D:7      | Noticed a polar bear
  1391 | D:7      | Noticed a black bear
  1392 | D:7      | Found a huge runed translucent gate.
  1392 | D:7      | Noticed a black bear
  1392 | D:7      | Noticed a polar bear
  1392 | D:7      | Noticed a black bear
  1392 | D:7      | Noticed a wyvern
  1393 | D:7      | Noticed a black bear
  1394 | D:6      | Noticed a centaur
  1424 | D:6      | HP: 1/23 [centaur (5)]
  1427 | D:6      | Slain by a centaur

Illustrated notes

Levels and vault maps discovered:
D:3:      layout_loops_cross
D:4:      layout_loops_ring, minmay_temple_entry_junction, minmay_surrounded
D:5:      layout_basic, nicolae_dithmenos_shadow_blocks,
          nicolae_overflow_hidden_temple, kennysheep_slug_shrine, serial_shops,
          shop, enter_ossuary_1, minmay_misc_feat_ornament, fedhas_altar_3
D:6:      layout_gridville, nicolae_hepliaklqana_hippocampus,
          gammafunk_temple_overflow_claw, eino_tiny_chamber, grunt_tough_drop,
          uniq_sigmund
D:7:      lemuel_bear_cage, layout_gridville, kennysheep_path_1

Skill      XL: |  1  2 |
---------------+-------+-----
Dodging        | 3 4 |  4.5
Stealth        | 8 |  8.5
Fighting       | |  2.9
Short Blades   | |  2.1

Action                   |  1- 3 |  4- 6 || total
-------------------------+-------+-------++-------
Melee: Short sword       |    64 |    42 ||   106
  Use: Scroll            |     3 |     1 ||     4
       Potion            |       |     2 ||     2
 Stab: Sleeping          |     3 |     3 ||     6
Armor: Robe              |     5 |    19 ||    24
Dodge: Dodged            |    47 |    88 ||   135

Table legend: (Time is in decaauts)
 A = Elapsed time spent in this place.
 B = Non-inter-level travel time spent in this place.
 C = Inter-level travel time spent in this place.
 D = Time resting spent in this place.
 E = Time spent auto-exploring this place.
 F = Levels seen in this place.
 G = Mean time per level.
                   A        B        C        D        E       F      G
               +--------+--------+--------+--------+--------+-----+--------+
         Total |   1191 |   1167 |     24 |    677 |      0 |   5 |  238.2 |
       Dungeon |   1191 |   1167 |     24 |    677 |      0 |   5 |  238.2 |
               +--------+--------+--------+--------+--------+-----+--------+

Top non-repeatable levels by time:
     D:4: 583 daAuts
     D:5: 501 daAuts
     D:3: 67 daAuts
     D:6: 32 daAuts
     D:7: 6 daAuts
